 Dungeon Crawl Stone Soup version 0.31-a0-1338-gb567cfdca4 (webtiles) character file.

Game seed: 16921794928455095981

350 Rennog the Thaumaturge (level 6, -7/70 HPs)
             Began as a Gnoll Wanderer on Dec 22, 2023.
             Killed from afar by Dowan (13 damage)
             ... with a shard of ice
             ... on level 6 of the Dungeon.
             The game lasted 00:04:41 (3280 turns).

Rennog the Thaumaturge (Gnoll Wanderer)             Turns: 3280, Time: 00:04:42

Health: -7/70      AC:  9    Str: 21    XL:     6   Next: 61%
Magic:  29/29      EV: 11    Int:  9    God:
Gold:   202        SH:  0    Dex: 14    Spells: 28/28 levels left

rFire   . . .        a - +3 falchion
rCold   + . .        (no shield)
rNeg    . . .        j - +1 ring mail "Saubel" {Will+ MP+9 Str+2}
rPois   .            (no helmet)
rElec   .            (no cloak)
rCorr   .            (no gloves)
SInv    .            t - +2 pair of boots
Will    +....        (no amulet) Stlth
                     i - ring of protection from cold
HPRegen 0.31/turn    v - +6 ring of strength
MPRegen 0.21/turn

%: no passive effects
@: berserking (expiring), lethally poisoned (-7 -> -25), very quick
A: fangs 1, strong nose, distributed training
a: no special abilities


You were on level 6 of the Dungeon.
You visited 1 branch of the dungeon, and saw 6 of its levels.

You collected 202 gold pieces.

Inventory:

Hand Weapons
 a - a +3 falchion (weapon)
Missiles
 f - 4 silver javelins
 o - 19 stones (quivered)
Armour
 c - a +0 leather armour
 j - the +1 ring mail "Saubel" (worn) {Will+ MP+9 Str+2}
   (You took it off a kobold on level 2 of the Dungeon)

   Str+2:     It affects your strength (+2).
   Will+:     It increases your willpower.
   MP+9:      It affects your magic capacity (+9).
 l - a +0 pair of boots
 t - a +2 pair of boots (worn)
Jewellery
 i - a ring of protection from cold (left hand)
 v - a +6 ring of strength (right hand)
Wands
 u - a wand of iceblast (9)
Scrolls
 d - 2 scrolls of teleportation {unknown}
 e - 3 scrolls of fear {unknown}
 p - a scroll of torment {unknown}
 q - a scroll of identify {unknown}
 r - 2 scrolls of revelation {unknown}
Potions
 b - 2 potions of berserk rage
 g - 3 potions of heal wounds {unknown}
 h - a potion of resistance {unknown}
 k - 2 potions of curing {unknown}
 m - a potion of ambrosia {unknown}
 n - a potion of enlightenment {unknown}
 s - 3 potions of brilliance {unknown}


   Skills:
 + Level 3.3 Fighting
 + Level 2.1 Short Blades
 + Level 8.8 Long Blades
 + Level 2.1 Axes
 + Level 2.1 Maces & Flails
 + Level 2.1 Polearms
 + Level 2.1 Staves
 + Level 2.1 Ranged Weapons
 + Level 2.1 Throwing
 + Level 2.1 Armour
 + Level 2.1 Dodging
 + Level 2.1 Stealth
 + Level 2.1 Shields
 + Level 2.1 Unarmed Combat
 + Level 11.5 Spellcasting
 + Level 1.6 Conjurations
 + Level 1.6 Hexes
 + Level 1.6 Summonings
 + Level 1.6 Necromancy
 + Level 1.6 Translocations
 + Level 1.6 Fire Magic
 + Level 1.6 Ice Magic
 + Level 1.6 Air Magic
 + Level 1.6 Earth Magic
 + Level 1.6 Alchemy
 + Level 2.3 Invocations
 + Level 2.1 Evocations
 + Level 1.9 Shapeshifting


You had 28 spell levels left.
You didn't know any spells.
Your spell library contained the following spells:

 Spells                   Type           Power      Damage    Failure   Level
 Magic Dart               Conj           32%        1d4       11%         1
 Blink                    Tloc           16%        N/A       16%         2
 Call Imp                 Summ           16%        N/A       16%         2
 Mercury Vapours          Alch/Air       16%        N/A       16%         2
 Static Discharge         Conj/Air       16%        3-4/arc   16%         2


Dungeon Overview and Level Annotations

Branches:
Dungeon (6/15)
 Temple: D:4-7

Altars:

Annotations:
D:4 3 runed translucent doors, Jose's ghost, amateur TrSh
D:6 Dowan


Innate Abilities, Weirdness & Mutations

You have very sharp teeth.
Your uncanny sense of smell can sniff out nearby items.
Your experience applies equally to all skills.


Message History

You feel sick.
Duvessa hits you with a +1 short sword of venom!
* * * LOW HITPOINT WARNING * * *
You are lethally poisoned!
The sleepcap releases spores at you.
* * * LOW HITPOINT WARNING * * *
Dowan hits you with a +0 dagger.
* * * LOW HITPOINT WARNING * * *
You slash Duvessa!
You kill Duvessa!
Dowan's eyes darken. "You have made a grave mistake."
Dowan seems to find hidden reserves of power!
* * * LOW HITPOINT WARNING * * *
You feel very sick.
Your Short Blades skill increases to level 2!
Your Axes skill increases to level 2!
Your Maces & Flails skill increases to level 2!
Your Polearms skill increases to level 2!
Your Staves skill increases to level 2!
Your Ranged Weapons skill increases to level 2!
Your Throwing skill increases to level 2!
Your Armour skill increases to level 2!
Your Dodging skill increases to level 2!
Your Stealth skill increases to level 2!
Your Shields skill increases to level 2!
Your Unarmed Combat skill increases to level 2!
Your Evocations skill increases to level 2!
You slash Dowan!
Dowan is severely wounded.
* * * LOW HITPOINT WARNING * * *
You feel very sick.
Dowan gestures wildly while chanting.
Dowan blinks!
The sleepcap misses you.
You hit the sleepcap.
The sleepcap is moderately damaged.
* * * LOW HITPOINT WARNING * * *
You feel very sick.
Dowan points at you and mumbles some strange words.
The shard of ice hits you! You partially resist.
You die...

.##+######.....
..>............
...............
...............
#..............
#..........:...
#.....ยง.)......
#.....f@.e.....
#..............
#..............
#..............
+.......<......
#.....)........
...............
...............


You could see a sleepcap and Dowan (fast).

Vanquished Creatures
  Duvessa (D:6)
  A scorpion (D:5)
  Natasha (twice) (D:2)
  3 adders
  A bombardier beetle (D:5)
  3 worms
  3 dart slugs
  6 orcs
  4 endoplasms
  6 giant cockroaches
  7 goblins
  6 hobgoblins
  7 jackals (D:3)
  6 kobolds
  2 quokkas (D:3)
  6 ball pythons
  5 bats
  7 frilled lizards
  8 rats
84 creatures vanquished.

Notes
Turn   | Place    | Note
-------+----------+-------------------------------------------
     0 | D:1      | Reached skill level 11 in Spellcasting
     0 | D:1      | Rennog the Gnoll Wanderer began the quest for the Orb.
     0 | D:1      | Rennog set off with the following items: a +3 falchion, a
                  | potion of berserk rage, a +0 leather armour; and the
                  | following spells available to memorise: Mercury Vapours,
                  | Static Discharge.
     0 | D:1      | Reached XP level 1. HP: 17/17 MP: 12/12
    41 | D:1      | Reached XP level 2. HP: 7/23 MP: 14/14
   420 | D:1      | Reached XP level 3. HP: 28/28 MP: 15/15
   940 | D:2      | Reached skill level 1 in Invocations
   979 | D:2      | Reached skill level 1 in Short Blades
   979 | D:2      | Reached skill level 1 in Axes
   979 | D:2      | Reached skill level 1 in Maces & Flails
   979 | D:2      | Reached skill level 1 in Polearms
   979 | D:2      | Reached skill level 1 in Staves
   979 | D:2      | Reached skill level 1 in Ranged Weapons
   979 | D:2      | Reached skill level 1 in Throwing
   979 | D:2      | Reached skill level 1 in Armour
   979 | D:2      | Reached skill level 1 in Dodging
   979 | D:2      | Reached skill level 1 in Stealth
   979 | D:2      | Reached skill level 1 in Shields
   979 | D:2      | Reached skill level 1 in Unarmed Combat
   979 | D:2      | Reached skill level 1 in Evocations
  1070 | D:2      | Reached skill level 1 in Shapeshifting
  1070 | D:2      | Reached XP level 4. HP: 33/34 MP: 17/17
  1098 | D:2      | Noticed Natasha
  1109 | D:2      | Killed Natasha
  1110 | D:2      | Reached skill level 1 in Conjurations
  1110 | D:2      | Reached skill level 1 in Hexes
  1110 | D:2      | Reached skill level 1 in Summonings
  1110 | D:2      | Reached skill level 1 in Necromancy
  1110 | D:2      | Reached skill level 1 in Translocations
  1110 | D:2      | Reached skill level 1 in Fire Magic
  1110 | D:2      | Reached skill level 1 in Ice Magic
  1110 | D:2      | Reached skill level 1 in Air Magic
  1110 | D:2      | Reached skill level 1 in Earth Magic
  1110 | D:2      | Reached skill level 1 in Alchemy
  1141 | D:2      | Noticed Natasha
  1311 | D:2      | Identified the +1 ring mail "Saubel" {Will+ MP+9 Str+2}
  1914 | D:2      | Killed Natasha
  1915 | D:2      | Reached XP level 5. HP: 29/40 MP: 18/18
  2732 | D:4      | Found a runed translucent gate.
  2736 | D:4      | Found a runed translucent gate.
  2737 | D:4      | Found a runed translucent gate.
  2761 | D:4      | Noticed an ice beast
  2762 | D:4      | Noticed Jose's ghost (amateur TrSh)
  3001 | D:4      | Noticed an ogre
  3201 | D:5      | Entered Level 5 of the Dungeon
  3207 | D:5      | Reached XP level 6. HP: 47/47 MP: 20/20
  3245 | D:5      | Noticed Dowan
  3253 | D:5      | Noticed Duvessa
  3278 | D:6      | Killed Duvessa
  3280 | D:6      | Killed from afar by Dowan

Illustrated notes

Levels and vault maps discovered:
D:1:      lightli_iron_boxes, layout_basic, grunt_decor_fettered,
          minmay_hexomino_f4
D:2:      kennysheep_big_flooded_room, layout_basic, uniq_natasha
D:3:      layout_basic, chequers_garden
D:4:      layout_loops_corners, gammafunk_ghost_icy
D:5:      layout_rooms, uniq_blork_the_orc, uniq_edmund, uniq_duvessa
D:6:      layout_gridville, minmay_temple_entry_stoned_glass,
          nicolae_elemental_shop, serial_bayou_crossing

Skill      XL: |  1  2  3  4  5  6 |
---------------+-------------------+-----
Spellcasting   | | 11.5
Invocations    | 1 2 |  2.3
Short Blades   | 1 2 |  2.1
Axes           | 1 2 |  2.1
Maces & Flails | 1 2 |  2.1
Polearms       | 1 2 |  2.1
Staves         | 1 2 |  2.1
Ranged Weapons | 1 2 |  2.1
Throwing       | 1 2 |  2.1
Armour         | 1 2 |  2.1
Dodging        | 1 2 |  2.1
Stealth        | 1 2 |  2.1
Shields        | 1 2 |  2.1
Unarmed Combat | 1 2 |  2.1
Evocations     | 1 2 |  2.1
Shapeshifting  | 1 |  1.9
Conjurations   | 1 |  1.6
Hexes          | 1 |  1.6
Summonings     | 1 |  1.6
Necromancy     | 1 |  1.6
Translocations | 1 |  1.6
Fire Magic     | 1 |  1.6
Ice Magic      | 1 |  1.6
Air Magic      | 1 |  1.6
Earth Magic    | 1 |  1.6
Alchemy        | 1 |  1.6
Fighting       | 3 |  3.3
Long Blades    | |  8.8

Action                     |  1- 3 |  4- 6 || total
---------------------------+-------+-------++-------
  Melee: Falchion          |    96 |   130 ||   226
         Bite              |     6 |    10 ||    16
         Punch             |       |     5 ||     5
  Throw: Stone             |       |     2 ||     2
    Use: Potion            |       |     1 ||     1
   Stab: Sleeping          |       |     1 ||     1
 Armour: Leather armour    |    25 |       ||    25
         Ring mail         |    21 |    99 ||   120
  Dodge: Dodged            |    43 |    95 ||   138

Table legend: (Time is in decaauts)
 A = Elapsed time spent in this place.
 B = Non-inter-level travel time spent in this place.
 C = Inter-level travel time spent in this place.
 D = Time resting spent in this place.
 E = Time spent auto-exploring this place.
 F = Levels seen in this place.
 G = Mean time per level.
                   A        B        C        D        E       F      G
               +--------+--------+--------+--------+--------+-----+--------+
         Total |   3253 |   2952 |    301 |     99 |   2295 |   6 |  542.2 |
       Dungeon |   3253 |   2952 |    301 |     99 |   2295 |   6 |  542.2 |
               +--------+--------+--------+--------+--------+-----+--------+

Top non-repeatable levels by time:
     D:2: 1057 daAuts
     D:1: 1038 daAuts
     D:3: 567 daAuts
     D:4: 515 daAuts
     D:5: 68 daAuts
     D:6: 5 daAuts
